 Dungeon Crawl Stone Soup version 0.27-a0-346-ga689d4a613 (webtiles) character file.

Game seed: 16847231692464070573

2 dickylongcocking the Skirmisher (level 1, 0/18 HPs)
             Began as a Formicid Monk on Feb 16, 2021.
             Succumbed to an adder's poison
             ... on level 2 of the Dungeon.
             The game lasted 00:00:14 (85 turns).

dickylongcocking the Skirmisher (Formicid Monk)       Turns: 85, Time: 00:00:15

Health: 0/18       AC:  2    Str: 15    XL:     1   Next: 33%
Magic:  1/1        EV: 13    Int:  9    God:
Gold:   0          SH:  0    Dex: 13    Spells: 0/0 levels left

rFire    . . .     SeeInvis +   a - +0 mace
rCold    . . .     Faith    .   (no shield)
rNeg     . . .     Spirit   .   b - +0 robe
rPois    .         Reflect  .   (helmet unavailable)
rElec    .         Harm     .   (no cloak)
rCorr    .         Rampage  .   (no gloves)
Will     .....                  (no boots)
Stlth    ++........             (no amulet)
HPRegen  0.06/turn              (no ring)
MPRegen  0.07/turn              (no ring)

@: lethally poisoned (0 -> -6)
A: permanent stasis, dig shafts and tunnels, four strong arms, antennae 3
a: Dig, Shaft Self


You were on level 2 of the Dungeon.
You visited 1 branch of the dungeon, and saw 2 of its levels.

Inventory:

Hand Weapons
 a - a +0 mace (weapon)
Armour
 b - a +0 robe (worn)


   Skills:
 + Level 3.3 Fighting
 + Level 3.0 Maces & Flails
 + Level 2.7 Dodging
 + Level 2.4 Stealth


You couldn't memorise any spells.
You didn't know any spells.
Your spell library was empty.

Dungeon Overview and Level Annotations

Branches:
Dungeon (2/15)

Altars:


Innate Abilities, Weirdness & Mutations

You cannot be hasted, slowed, berserked, paralysed or teleported.
You can dig through walls and to a lower floor.
Your four strong arms can wield two-handed weapons with a shield.
You have a pair of large antennae on your head. (SInv)


Message History

Found a stone staircase leading down.
You sense a monster nearby.
Found a stone staircase leading down.
No target in view!
Found a ring mail.
No target in view!
Found 12 bolts.
No target in view!
No target in view!
No target in view!
No target in view!
A rat comes into view.
A quokka comes into view.
An adder comes into view.
The quokka barely misses you. The quokka closely misses you.
The quokka bites you.
You closely miss the quokka. The quokka misses you.
The quokka barely misses you.
You closely miss the quokka. The quokka misses you. The quokka bites you.
You barely miss the quokka. The quokka bites you.
You hit the quokka.
You kill the quokka!
The adder hisses angrily.
You see here a quokka corpse.
You hit the adder but do no damage. The adder bites you.
You barely miss the adder. The adder bites you.
You are poisoned.
The adder poisons you! The adder barely misses you.
You aren't carrying any potions.
You closely miss the adder.
You feel sick. The adder barely misses you. The adder bites you.
* * * LOW HITPOINT WARNING * * *
You are more poisoned.
The adder poisons you!
You hit the adder.
The adder is heavily wounded.
The adder barely misses you.
You hit the adder.
You kill the adder!
You die...

.# #..#### .## #.#..##
..### #.....### ....#
##.##...## ..#.##
###.####..# ## ..#..#
#...#####.## ... ...).##
#.#.....[..# ....
#.....###.#######..#.....
##.<......# #...@......#
#........# #......(...#
##........##......#...#
#................#..##
#.........>........r..
#.....##...............
#.................#..##
.........#..>........
#####........


There were no monsters in sight!

Vanquished Creatures
  An adder (D:2)
  A quokka (D:2)
  A bat (D:1)
3 creatures vanquished.

Notes
Turn   | Place    | Note
-------+----------+-------------------------------------------
     0 | D:1      | dickylongcocking the Formicid Monk began the quest for the
                  | Orb.
     0 | D:1      | Reached XP level 1. HP: 18/18 MP: 1/1
    85 | D:2      | Succumbed to an adder's poison

Illustrated notes

Levels and vault maps discovered:
D:1:      minmay_arrival_up_and_down, layout_loops_cross, serial_rivers,
          chequers_serial_rivers_small_3, chequers_serial_rivers_room_a,
          chequers_serial_rivers_marsh, chequers_serial_rivers_large_b,
          minivault_4, chequers_decorated_corner, minmay_surrounded
D:2:      layout_rooms, corexii_leaking_fountain, minmay_fractal_squares_5

Action                   || total
-------------------------++-------
Melee: Mace              ||    12
 Abil: Dig               ||     4
Armor: Robe              ||     3
Dodge: Dodged            ||    12

Table legend: (Time is in decaauts)
 A = Elapsed time spent in this place.
 B = Non-inter-level travel time spent in this place.
 C = Inter-level travel time spent in this place.
 D = Time resting spent in this place.
 E = Time spent auto-exploring this place.
 F = Levels seen in this place.
 G = Mean time per level.
                   A        B        C        D        E       F      G
               +--------+--------+--------+--------+--------+-----+--------+
         Total |     88 |     88 |      0 |      0 |     33 |   2 |   44.0 |
       Dungeon |     88 |     88 |      0 |      0 |     33 |   2 |   44.0 |
               +--------+--------+--------+--------+--------+-----+--------+

Top non-repeatable levels by time:
     D:2: 45 daAuts
     D:1: 42 daAuts
